Map: Turbo Cruise '84 LE

Players

HeroMarine - Winner!

  • Race: Terran Terran
  • League: Grandmaster
  • Spawn Location: 3:00

llllllllllll (GuMiho)

  • Race: Terran Terran
  • League: Master
  • Spawn Location: 7:00

Event: 2019 Assembly Summer

VOD

Have the link to the VOD?

Description

Time

  • Played on: Aug. 2, 2019, 11:34 a.m.
  • Length: 8:30

All games in this series

Show
View Real Time Build Order
Export as new Build Order

HeroMarine Terran - Winner!

Build Orders:  

Get SALT Encoding   

  12  0:00  SCV  
  13  0:12  SCV  
  14  0:18  Supply Depot  
  14  0:25  SCV  
  15  0:28  Refinery  
  15  0:40  SCV  
  16  0:46  Barracks  
  16  0:52  SCV  
  17  0:58  Refinery  
  18  1:04  SCV  
  18  1:16  SCV  
  19  1:34  Orbital Command  
  19  1:36  Factory, Reaper  
  20  1:45  Supply Depot  
  20  1:59  SCV  
  21  2:08  Reaper  
  21  2:11  SCV  
  23  2:20  Hellion  
  25  2:23  SCV  
  26  2:31  Command Center  
  26  2:35  SCV  
  27  2:40  Reaper  
  28  2:45  Supply Depot  
  28  2:46  Hellion  
  28  2:50  SCV  
  31  2:58  Starport  
  31  3:04  SCV  
  31  3:09  Factory Tech Lab  
  29  3:15  Barracks Tech Lab  
  29  3:16  SCV  
  30  3:26  Refinery  
  30  3:28  Cyclone, SCV  
  34  3:40  SCV  
  34  3:52  SCV  
  34  3:54  Orbital Command  
  29  4:00  Cyclone, Raven  
  34  4:04  SCV  
  34  4:08  Barracks Reactor  
  35  4:16  SCV  
  36  4:21  SCV  
  37  4:28  SCV  
  38  4:32  Siege Tank  
  38  4:33  SCV  
  42  4:40  SCV  
  42  4:45  Marine x2, SCV  
  43  4:53  SCV  
  43  4:54  Raven  
  43  4:57  SCV  
  43  4:58  Supply Depot  
  47  5:03  Marine x2  
  47  5:04  Command Center  
  49  5:07  SCV  
  49  5:12  Siege Tank  
  53  5:14  SCV  
  53  5:19  SCV  
  53  5:21  Supply Depot  
  55  5:27  SCV  
  58  5:31  SCV  
  57  5:39  SCV  
  58  5:43  Stimpack, SCV  
  58  5:44  Supply Depot  
  58  5:46  Siege Tank  
  62  5:50  Viking x2  
  62  5:52  Marine  
  62  5:55  SCV  
  62  5:56  SCV  
  69  5:58  Refinery  
  69  6:07  SCV  
  69  6:08  SCV  
  69  6:09  Marine  
  72  6:18  Siege Tank  
  75  6:20  SCV x2  
  75  6:21  SCV  
  75  6:25  Viking  
  75  6:26  Viking  
  75  6:27  Marine  
  75  6:32  SCV x2  
  79  6:34  SCV  
  80  6:44  SCV x2  
  80  6:45  Marine  
  80  6:46  SCV  
  71  6:52  Siege Tank  
  64  6:56  SCV x2  
  64  6:59  Viking  
  69  7:02  Orbital Command  
  69  7:03  Marine  
  69  7:05  Viking  
  69  7:08  SCV x2  
  73  7:17  Orbital Command  
  73  7:20  SCV x2  
  73  7:21  Marine  
  76  7:25  Siege Tank  
  76  7:27  Barracks  
  76  7:28  Barracks  
  79  7:32  Viking, SCV x2  
  79  7:35  Viking  
  85  7:39  Supply Depot, Marine  
  85  7:45  SCV x2  
  85  7:51  SCV  
  88  7:56  Marine  
  88  7:57  SCV  
  88  7:58  Siege Tank  
  92  8:00  SCV  
  92  8:03  SCV  
  91  8:09  SCV  
  91  8:12  SCV  
  93  8:15  SCV  
  93  8:19  Barracks Reactor x2  
  92  8:24  Barracks  
  92  8:25  Barracks  
Show
View Real Time Build Order
Export as new Build Order

llllllllllll Terran 

Build Orders: Cyclone Opening, Mech 

Get SALT Encoding   

  12  0:00  SCV  
  13  0:12  SCV  
  14  0:17  Supply Depot  
  14  0:25  SCV  
  14  0:28  Refinery  
  15  0:39  SCV  
  16  0:45  Barracks  
  16  0:51  SCV  
  16  0:56  Refinery  
  17  1:03  SCV  
  18  1:15  SCV  
  19  1:27  SCV  
  19  1:32  Reaper  
  21  1:33  Factory  
  21  1:40  Orbital Command  
  21  1:49  Supply Depot  
  21  2:04  Reaper  
  21  2:06  SCV  
  23  2:17  Factory Tech Lab  
  23  2:23  Command Center  
  23  2:28  SCV  
  24  2:35  Cyclone  
  27  2:37  Barracks Reactor  
  27  2:40  SCV  
  28  2:45  Supply Depot  
  28  2:52  SCV  
  28  2:57  Starport  
  29  3:05  SCV  
  30  3:12  Cyclone  
  33  3:14  Marine  
  33  3:15  Marine  
  33  3:19  SCV  
  34  3:31  SCV  
  34  3:32  Marine, Refinery  
  34  3:33  Marine  
  37  3:38  Medivac  
  38  3:44  Orbital Command  
  37  3:51  Marine x2  
  37  3:52  SCV  
  37  4:05  SCV  
  37  4:09  Marine x2  
  40  4:10  Factory Tech Lab  
  40  4:11  SCV  
  40  4:15  Raven  
  44  4:17  SCV  
  44  4:19  Supply Depot  
  44  4:24  SCV  
  45  4:27  Marine x2  
  45  4:29  Siege Tank, SCV  
  51  4:36  SCV  
  51  4:38  Supply Depot  
  52  4:41  SCV  
  53  4:45  Marine x2  
  52  4:55  SCV x2  
  52  4:59  Command Center  
  53  5:02  Raven  
  55  5:07  SCV x2  
  55  5:10  Siege Tank  
  55  5:12  Marine  
  55  5:14  Marine  
  62  5:17  Supply Depot  
  62  5:21  SCV x2  
  62  5:27  Supply Depot  
  64  5:30  Marine  
  64  5:31  Marine  
  64  5:33  SCV x2  
  64  5:34  Refinery  
  71  5:42  Siege Tank  
  71  5:45  SCV  
  71  5:46  Supply Depot, Raven, SCV  
  75  5:57  Marine x2  
  75  5:58  SCV x2  
  79  6:10  SCV x2  
  81  6:13  Orbital Command  
  81  6:15  Marine x2  
  83  6:22  SCV  
  83  6:24  SCV  
  83  6:26  Siege Tank  
  86  6:33  Marine x2  
  86  6:34  SCV  
  86  6:36  SCV  
  78  6:52  SCV x2  
  74  6:55  Raven  
  74  6:56  SCV  
  74  7:00  Refinery  
  75  7:02  Siege Tank  
  75  7:04  SCV x2  
  75  7:07  Factory, Refinery  
  78  7:08  SCV  
  78  7:11  Factory, Barracks Reactor  
  78  7:12  Armory, Engineering Bay  
  78  7:14  Armory  
  79  7:16  SCV x2  
  79  7:20  SCV  
  82  7:28  SCV x2  
  84  7:32  SCV  
  84  7:35  Siege Tank  
  88  7:38  Supply Depot  
  88  7:40  SCV x2  
  88  7:41  Supply Depot  
  87  7:54  Hellion x2  
  87  7:56  Starport Reactor  
  73  8:05  SCV x3  
  57  8:17  SCV x3  
Tags
 
Add a new tag
Caveats
  • Supply blocks, unpowered buildings, or Contaminate may cause inaccurate times.
  • Supply counts are checked every 10 seconds.